[Event "December 12 Early 2023"]
[Site "https://www.chess.com"]
[Date "2023.12.12"]
[Round "8"]
[White "Sahib Singh"]
[Black "Finek, Vaclav"]
[Result "1-0"]
[Board "34"]
[TimeControl "180+1"]
[WhiteFideId "25618342"]
[BlackFideId "23718293"]
[WhiteElo "2626"]
[BlackElo "2846"]
[WhiteTeam "IND"]
[BlackTeam "CZE"]
[WhiteClock "0:01:20"]
[BlackClock "0:00:14"]

1. e4 c5 2. Nf3 g6 3. d4 cxd4 4. Nxd4 Bg7 5. c4 Nc6 6. Be3 Qb6 7. Nb3 Qd8 8. Nc3 Bxc3+ 9. bxc3 Nf6 10. f3 d6 11. Be2 O-O 12. g4 b6 13. Bh6 Re8 14. h4 Be6 15. h5 Ne5 16. hxg6 fxg6 17. Nd4 Bxc4 18. Bxc4+ Nxc4 19. g5 d5 20. gxf6 exf6 21. Qb3 Rc8 22. O-O-O Rc5 23. Nc2 Na5 24. Qa4 Re5 25. Rxd5 Rexd5 26. exd5 Rxd5 27. Re1 Kf7 28. Qe4 Qd7 29. Qb4 Nc6 30. Qf8# 1-0

[Event "December 12 Early 2023"]
[Site "https://www.chess.com"]
[Date "2023.12.12"]
[Round "8"]
[White "Miladinovic, Igor"]
[Black "Vlassov, Nikolai"]
[Result "0-1"]
[Board "35"]
[TimeControl "180+1"]
[WhiteFideId "4203380"]
[BlackFideId "4103360"]
[WhiteElo "2825"]
[BlackElo "2623"]
[WhiteTeam "SRB"]
[BlackTeam "FID"]
[WhiteClock "0:00:00"]
[BlackClock "0:01:44"]

1. d4 Nf6 2. Bg5 e6 3. e3 h6 4. Bh4 c5 5. c3 b6 6. Nd2 Bb7 7. Ngf3 Be7 8. Bxf6 Bxf6 9. Bd3 d6 10. Qe2 Nd7 11. h4 Qc7 12. g4 O-O-O 13. Ba6 Kb8 14. Bxb7 Qxb7 15. a4 cxd4 16. exd4 e5 17. dxe5 Nxe5 18. O-O-O Nxg4 19. Rhg1 Rhe8 20. Qf1 h5 21. Kb1 Qc6 22. a5 bxa5 23. Ne1 Ka8 24. Nc2 Rb8 25. Qc4 Qxc4 26. Nxc4 Bxc3 27. Rxd6 Rec8 0-1

[Event "December 12 Early 2023"]
[Site "https://www.chess.com"]
[Date "2023.12.12"]
[Round "8"]
[White "Zeneli, Klendi"]
[Black "Klukin, Kirill"]
[Result "1-0"]
[Board "36"]
[TimeControl "180+1"]
[WhiteFideId "4706609"]
[BlackFideId "24199273"]
[WhiteElo "2393"]
[BlackElo "2810"]
[WhiteTeam "ALB"]
[BlackTeam "RUS"]
[WhiteClock "0:00:33"]
[BlackClock "0:00:00"]

1. e4 c5 2. c3 g6 3. d4 cxd4 4. cxd4 d5 5. e5 Bg7 6. Nf3 a6 7. Be2 Nc6 8. h3 f6 9. exf6 Nxf6 10. O-O O-O 11. Nc3 Nh5 12. Ne5 Nf4 13. Bf3 Nxe5 14. dxe5 e6 15. Re1 Qe7 16. Ne2 Nxe2+ 17. Qxe2 Bd7 18. a4 Rf5 19. b3 Bc6 20. Ba3 Qf7 21. Bd6 Bh6 22. Ra2 Rc8 23. Rc2 Qd7 24. Bg4 Rf7 25. h4 Bf8 26. Bxf8 Rcxf8 27. h5 Qe7 28. Qe3 Rf4 29. Bh3 gxh5 30. Rd2 Kh8 31. Rf1 h4 32. Rd4 Rxd4 33. Qxd4 h6 34. Qg4 Bd7 35. Qh5 Qg5 36. Qe2 Rf4 37. Rd1 Bc6 38. Bxe6 Re4 39. Qf3 Rf4 40. Qe2 Re4 41. Qd2 Rxe5 42. Bh3 Qxd2 43. Rxd2 Kg7 44. Rd4 1-0

[Event "December 12 Early 2023"]
[Site "https://www.chess.com"]
[Date "2023.12.12"]
[Round "8"]
[White "Baskakov, Egor"]
[Black "Shevchuk, Olexandr"]
[Result "1-0"]
[Board "37"]
[TimeControl "180+1"]
[WhiteFideId "24197866"]
[BlackFideId "14113775"]
[WhiteElo "2887"]
[BlackElo "2497"]
[WhiteTeam "RUS"]
[BlackTeam "UKR"]
[WhiteClock "0:01:21"]
[BlackClock "0:01:01"]

1. e4 c5 2. Nf3 e6 3. Be2 Nc6 4. c4 Nd4 5. Nxd4 cxd4 6. O-O Ne7 7. d3 Nc6 8. f4 d6 9. Nd2 g6 10. f5 Bg7 11. fxe6 fxe6 12. Bg4 Bd7 13. e5 Nxe5 14. Ne4 Qe7 15. Bg5 Qf8 16. Rxf8+ Kxf8 17. Nxd6 h6 18. Bf4 Kg8 19. Bxe5 Bxe5 20. Qe2 Bxd6 21. Bxe6+ Kg7 22. Bxd7 Rhf8 23. Rf1 Rxf1+ 24. Kxf1 Rf8+ 25. Kg1 Rf7 26. Qe6 Bf4 27. g3 Be3+ 28. Kg2 h5 29. Qe5+ Kh6 30. Qh8+ Rh7 31. Qf8+ Rg7 32. Be6 Kh7 33. Kf3 Bh6 34. Ke4 a5 35. a3 b6 36. b4 axb4 37. axb4 h4 38. g4 Bg5 39. b5 Re7 40. Qg8+ Kh6 41. Qh8+ Rh7 42. Qf8+ Rg7 43. c5 Be7 44. Qh8+ Rh7 45. g5+ Bxg5 46. Qf8+ Rg7 1-0

[Event "December 12 Early 2023"]
[Site "https://www.chess.com"]
[Date "2023.12.12"]
[Round "8"]
[White "Mikaelyan, Arman"]
[Black "Tokhirjonova, Gulrukhbegim"]
[Result "1-0"]
[Board "38"]
[TimeControl "180+1"]
[WhiteFideId "13304852"]
[BlackFideId "14203626"]
[WhiteElo "2856"]
[BlackElo "2668"]
[WhiteTeam "ARM"]
[BlackTeam "USA"]
[WhiteClock "0:00:29"]
[BlackClock "0:00:34"]

1. d4 Nf6 2. c4 e6 3. Nf3 Bb4+ 4. Nbd2 d5 5. a3 Be7 6. g3 O-O 7. Bg2 b6 8. O-O Bb7 9. b3 c5 10. Bb2 Nc6 11. cxd5 exd5 12. dxc5 bxc5 13. Rc1 Qb6 14. Qc2 Rac8 15. Rfe1 Na5 16. Ng5 d4 17. Bxb7 Qxb7 18. Qd3 h6 19. Ngf3 Rfd8 20. Ne5 Nd5 21. Nec4 Nc6 22. Ba1 Bg5 23. Rb1 a5 24. Ne4 Be7 25. Qf3 Qd7 26. h4 Rb8 27. Red1 Qe6 28. Rbc1 f5 29. Ned2 Rf8 30. e3 Rbd8 31. exd4 cxd4 32. Re1 Qg6 33. Ne5 Nxe5 34. Rxe5 Nc3 35. Rxe7 f4 36. Bxc3 dxc3 37. Ne4 c2 38. Rxc2 fxg3 39. Qxg3 Rd1+ 40. Kg2 Qh7 41. Rcc7 Rf7 42. Re8+ Rf8 43. Nf6+ 1-0

[Event "December 12 Early 2023"]
[Site "https://www.chess.com"]
[Date "2023.12.12"]
[Round "8"]
[White "BestStelker"]
[Black "Kazakouski, Valery"]
[Result "1-0"]
[Board "39"]
[TimeControl "180+1"]
[BlackFideId "13507443"]
[WhiteElo "2667"]
[BlackElo "2847"]
[BlackTeam "LTU"]
[WhiteClock "0:00:06"]
[BlackClock "0:00:03"]

1. Nf3 d5 2. c4 d4 3. b4 f6 4. e3 e5 5. c5 a5 6. Qa4+ Bd7 7. b5 dxe3 8. fxe3 Bxc5 9. Bc4 c6 10. Qb3 a4 11. Qc2 Qb6 12. O-O cxb5 13. Bxg8 Rxg8 14. Qxh7 Be6 15. Nc3 b4 16. Ne4 Nd7 17. d4 exd4 18. Nxc5 Nxc5 19. exd4 Nd7 20. Bf4 Nf8 21. Qe4 Qc6 22. d5 Qxd5 23. Qxb4 Nd7 24. Rac1 Kf7 25. Rfd1 Qf5 26. Bg3 Rac8 27. Nd4 Qg4 28. Qd6 Rxc1 29. Rxc1 Re8 30. h3 Qe4 31. Kh2 Kg8 32. Re1 Qd3 33. Rxe6 Rxe6 34. Qxe6+ Kh8 35. Qxd7 Qd2 36. Qe8+ Kh7 37. Qh5+ Kg8 38. Nf5 Qd7 39. Qg6 b5 40. Bf4 Kh8 41. Qxg7+ Qxg7 42. Nxg7 Kxg7 43. Bd6 Kf7 44. a3 Ke6 45. Bb4 Kf5 46. Kg3 Ke4 47. h4 Kf5 48. Kf3 1-0

[Event "December 12 Early 2023"]
[Site "https://www.chess.com"]
[Date "2023.12.12"]
[Round "8"]
[White "Koelle, Tobias"]
[Black "Gontcharov, Vladislav"]
[Result "0-1"]
[Board "40"]
[TimeControl "180+1"]
[WhiteFideId "16207378"]
[BlackFideId "4123492"]
[WhiteElo "2822"]
[BlackElo "2662"]
[WhiteTeam "GER"]
[BlackTeam "RUS"]
[WhiteClock "0:00:55"]
[BlackClock "0:00:13"]

1. b4 d5 2. Bb2 Qd6 3. a3 e5 4. d3 Nf6 5. Nd2 Be7 6. c4 c6 7. e3 O-O 8. cxd5 cxd5 9. Ngf3 Nbd7 10. Be2 b6 11. O-O Bb7 12. Nh4 Qe6 13. Rc1 Rac8 14. Qa4 a6 15. h3 h6 16. Rfd1 Rfe8 17. Nhf3 g5 18. Nh2 h5 19. Nhf1 Qf5 20. Ng3 Qg6 21. Nxh5 b5 22. Nxf6+ Nxf6 23. Qb3 g4 24. hxg4 Nxg4 25. Bxg4 Qxg4 26. Bxe5 Bg5 27. d4 Rc4 28. Nf3 f6 29. Bg3 Bxe3 30. fxe3 Qxg3 31. Rb1 Rec8 32. Rb2 Rc3 33. Qa2 Rxe3 34. Rf2 Rcc3 35. Rdf1 Kg7 36. Qb1 Bc8 37. Nh2 Rc6 38. Rc1 Rce6 39. Nf1 Qxf2+ 40. Kxf2 Re2+ 41. Kg1 Bd7 42. Rc7 Re7 43. Qf5 Bxf5 44. Rc5 Be4 45. Kh2 Ra2 46. Ng3 Kf7 47. Nh5 Rd7 48. Rc6 f5 49. Nf4 Ke7 50. Ng6+ Kd8 51. Ne5 Rh7+ 52. Kg3 Rg7+ 53. Kf4 Rgxg2 54. Nf7+ Ke7 55. Rc7+ Ke6 56. Nd8+ Kd6 57. Rc6+ Kd7 58. Ke5 Kxd8 59. Rd6+ Ke7 60. Rxa6 Kf7 61. Ra7+ Kg6 62. Ra8 Kg5 63. Rg8+ Kh4 64. Rf8 Kg4 65. Rf7 Kf3 66. Rb7 Ke3 67. Rxb5 f4 68. Rb7 f3 69. Rd7 f2 70. Rf7 Rg1 71. Rxf2 Rxf2 72. b5 Ra2 73. Kd6 Rxa3 74. Kc5 Rb3 75. b6 Rb5+ 76. Kxb5 Kxd4 77. Kc6 Ke5 78. b7 d4+ 79. Kc7 Bxb7 80. Kb8 Kd5 81. Ka7 d3 82. Kb8 d2 83. Ka7 d1=Q 84. Kb8 Bc6 85. Ka7 Qa4+ 86. Kb6 Qb5+ 87. Kc7 Qb7+ 88. Kd8 Qd7# 0-1

[Event "December 12 Early 2023"]
[Site "https://www.chess.com"]
[Date "2023.12.12"]
[Round "8"]
[White "Dragnev, Valentin"]
[Black "Borgaonkar Akshay"]
[Result "0-1"]
[Board "41"]
[TimeControl "180+1"]
[WhiteFideId "1634852"]
[BlackFideId "25639110"]
[WhiteElo "2797"]
[BlackElo "2623"]
[WhiteTeam "AUT"]
[BlackTeam "IND"]
[WhiteClock "0:00:03"]
[BlackClock "0:00:20"]

1. e4 e6 2. d4 d5 3. Nd2 dxe4 4. Nxe4 Nf6 5. Nxf6+ gxf6 6. Nf3 Nd7 7. Be3 f5 8. Qd2 Nf6 9. O-O-O b6 10. Ne5 a6 11. Qc3 Bb7 12. Be2 Nd5 13. Qb3 Nxe3 14. Qxe3 Qh4 15. g3 Qh6 16. f4 Bxh1 17. Rxh1 Bd6 18. Bf3 Rd8 19. Nc6 Rd7 20. Nb8 Rd8 21. Nc6 Rd7 22. Be2 O-O 23. Kb1 b5 24. c3 Be7 25. Bf3 Bf6 26. Qe2 Rd6 27. Rd1 Qg7 28. a4 bxa4 29. Qxa6 Rb8 30. Qxa4 Rb6 31. Qa7 Rd7 32. Nb8 Rd8 33. Nc6 Rc8 34. Qa5 Qf8 35. Ne5 Bxe5 36. Qxe5 Qa3 37. Rd2 Rcb8 38. Qe2 Ra6 39. Kc1 Qa1+ 40. Kc2 Rxb2+ 41. Kd3 Rxd2+ 42. Qxd2 Ra2 43. Qe3 Qb1+ 44. Kc4 Ra4+ 45. Kc5 Qb6# 0-1

[Event "December 12 Early 2023"]
[Site "https://www.chess.com"]
[Date "2023.12.12"]
[Round "8"]
[White "Antunez Soler, Luis"]
[Black "Dragun, Kamil"]
[Result "0-1"]
[Board "42"]
[TimeControl "180+1"]
[WhiteFideId "3513335"]
[BlackFideId "1134167"]
[WhiteElo "2631"]
[BlackElo "2796"]
[WhiteTeam "CUB"]
[BlackTeam "POL"]
[WhiteClock "0:00:12"]
[BlackClock "0:00:22"]

1. e4 e5 2. Nf3 Nc6 3. Bc4 Nf6 4. d3 Bc5 5. c3 d6 6. Bb3 a6 7. Qe2 Ba7 8. Nbd2 O-O 9. Nf1 d5 10. Ng3 h6 11. h3 Re8 12. Nh2 Be6 13. Ng4 d4 14. Qf3 Nd7 15. Bxh6 dxc3 16. bxc3 Nc5 17. Bc2 gxh6 18. Nf6+ Kf8 19. Nxe8 Kxe8 20. O-O Qg5 21. Kh2 Ke7 22. Rae1 Rg8 23. Nf5+ Bxf5 24. exf5 Kd8 25. g3 Kc8 26. h4 Qd2 27. Bb3 Qxc3 28. Bxf7 Rf8 29. Rc1 Qxd3 30. Be6+ Kb8 31. Qg4 Nd4 32. Qg7 Rd8 33. Qe7 Nc6 34. Qf6 Qd6 35. Rfd1 Nd4 36. Qxh6 Rf8 37. Qg7 Ncxe6 38. fxe6 Rxf2+ 39. Kh3 Qxe6+ 40. g4 Rf3+ 41. Kg2 Qxa2+ 42. Kh1 Rh3+ 43. Kg1 Nf3+ 44. Kf1 Qf2# 0-1

[Event "December 12 Early 2023"]
[Site "https://www.chess.com"]
[Date "2023.12.12"]
[Round "8"]
[White "Mendez Fortes, Eduardo Jesus"]
[Black "Yuan, Qingyu"]
[Result "0-1"]
[Board "43"]
[TimeControl "180+1"]
[WhiteFideId "3502376"]
[BlackFideId "8609772"]
[WhiteElo "2620"]
[BlackElo "2786"]
[WhiteTeam "CUB"]
[BlackTeam "CHN"]
[WhiteClock "0:00:05"]
[BlackClock "0:00:09"]

1. e4 e5 2. Nf3 Nc6 3. Bb5 Nf6 4. d3 Bc5 5. O-O Nd4 6. Nxd4 Bxd4 7. c3 Bb6 8. h3 O-O 9. Nd2 d5 10. Qe2 c6 11. Ba4 Re8 12. Rd1 h6 13. Nf1 Qe7 14. Ng3 Be6 15. exd5 Bxd5 16. c4 Be6 17. Qxe5 Qb4 18. Bc2 Bg4 19. Bd2 Rxe5 20. Bxb4 Bxd1 21. Rxd1 Bd4 22. Bc3 Rd8 23. Kf1 b6 24. Ne2 Bxc3 25. bxc3 Re7 26. d4 c5 27. d5 Ne8 28. Ng3 Nd6 29. Bd3 g6 30. h4 Kg7 31. h5 g5 32. a4 Re5 33. a5 b5 34. cxb5 c4 35. Be2 Nxb5 36. Bxc4 Nxc3 37. Rd4 Nxd5 38. Kg1 Rd7 39. Rd1 Nf6 40. Rb1 Rxa5 41. Be2 Rc5 42. Rb8 a5 43. Ra8 Rdc7 44. Kh2 Rb7 45. Bd3 Ng4+ 46. Kg1 Rc1+ 47. Bf1 Rbb1 48. Rxa5 Nf6 49. f3 Nd7 50. Kf2 Rb2+ 51. Be2 Rcc2 52. Ra6 Nc5 53. Rd6 f6 54. Nf5+ Kf7 55. Nxh6+ Ke7 56. Nf5+ Kf7 57. Ng3 Ne6 58. h6 Nf4 59. h7 Rxe2+ 60. Nxe2 Rxe2+ 61. Kf1 Re8 62. g3 Ng6 63. Rd7+ Ne7 64. f4 gxf4 65. gxf4 Rh8 66. Kf2 Rxh7 67. Kg3 Rh5 68. Ra7 Rd5 69. Kg4 Rb5 70. Rc7 Rd5 71. Ra7 Ke6 72. Ra6+ Rd6 73. Ra5 Nd5 74. Ra8 Ne3+ 75. Kf3 Nf5 76. Kg4 Ne7 77. Ra5 Rc6 78. Rb5 Rc1 79. Ra5 Rg1+ 80. Kf3 Kf7 81. Ra7 Re1 82. Kg4 Re2 83. Rb7 Kg6 84. Ra7 Nf5 85. Kf3 Re3+ 86. Kf2 Rb3 87. Ra5 Nd4 88. Kg2 Rf3 89. Rd5 Rxf4 90. Kg3 Re4 91. Rd8 Nf5+ 92. Kf3 Re3+ 93. Kf4 Re5 94. Rg8+ Ng7 95. Ra8 Rf5+ 96. Kg4 Rg5+ 97. Kf4 Rh5 98. Ra7 Rh4+ 99. Kf3 Nf5 100. Ra8 Rb4 101. Rg8+ Ng7 102. Ra8 f5 103. Rg8 Kf6 104. Rf8+ Kg5 105. Rg8 Rb3+ 106. Kf2 Kf6 107. Rf8+ Ke5 108. Rg8 Ne6 109. Re8 f4 110. Re7 Kf5 111. Re8 Ng5 112. Re2 Rh3 113. Re8 Kg4 114. Rg8 Rh2+ 115. Kg1 Ra2 116. Kf1 Kf3 117. Kg1 Nh3+ 118. Kh1 Nf2+ 119. Kh2 Ng4+ 120. Kh3 Rh2# 0-1

[Event "December 12 Early 2023"]
[Site "https://www.chess.com"]
[Date "2023.12.12"]
[Round "8"]
[White "Spata, German"]
[Black "Bardyk, Artem"]
[Result "1-0"]
[Board "44"]
[TimeControl "180+1"]
[WhiteFideId "113026"]
[BlackFideId "34349979"]
[WhiteElo "2614"]
[BlackElo "2765"]
[WhiteTeam "ARG"]
[BlackTeam "RUS"]
[WhiteClock "0:00:05"]
[BlackClock "0:00:00"]

1. Nf3 d5 2. b3 Nf6 3. Bb2 c6 4. e3 Bf5 5. c4 e6 6. Be2 h6 7. O-O Nbd7 8. cxd5 exd5 9. d3 Be7 10. a3 O-O 11. Re1 a5 12. Nbd2 Bh7 13. Qc2 Re8 14. Bf1 Bd6 15. Bc3 Qc7 16. Qb2 Re7 17. b4 axb4 18. axb4 Rae8 19. h3 Ne5 20. Nxe5 Bxe5 21. Bxe5 Rxe5 22. d4 R5e7 23. Rec1 Qd6 24. b5 Bf5 25. bxc6 bxc6 26. Qb6 Bd7 27. Qc5 Qe6 28. Ra7 Qf5 29. Qc2 Qh5 30. Qd1 Qf5 31. Qc2 Qe6 32. Nb3 Qd6 33. Nc5 Bf5 34. Qa4 Rc8 35. Rxe7 Qxe7 36. Bd3 Bxd3 37. Nxd3 Qd6 38. Nc5 Nd7 39. Nxd7 Qxd7 40. Qc2 Qd6 41. Qc5 Qe6 42. Rb1 Ra8 43. Qb6 Qf5 44. Rf1 Qc2 45. Qb1 Qa4 46. Rc1 Qa6 47. Qc2 Rc8 48. Qf5 Qb7 49. h4 Rc7 50. g3 Qb8 51. Kg2 Qd8 52. Qf4 Qd7 53. Rc5 Qc8 54. Qd6 Qb7 55. Qd8+ Kh7 56. Qd6 Rc8 57. Qf4 Qd7 58. Qe5 Re8 59. Qf4 Re6 60. Qf3 Rf6 61. Qe2 Qe6 62. Qc2+ g6 63. h5 Kg7 64. hxg6 Rxg6 65. Qe2 Rg5 66. Rc1 Rg4 67. Rxc6 Rxg3+ 68. Kxg3 Qxc6 69. Qg4+ Kf8 70. Qf4 Qg6+ 71. Qg4 Qd6+ 72. Qf4 Qg6+ 73. Qg4 Qb1 74. Qc8+ Kg7 75. Qg4+ Kf8 76. Qc8+ Kg7 77. Qg4+ Kh7 78. Kf3 Qd1+ 79. Kg3 Qg1+ 80. Kf3 Qd1+ 81. Kg3 Qxg4+ 82. Kxg4 Kg6 83. f3 h5+ 84. Kf4 Kf6 85. e4 Ke6 86. Kg5 dxe4 87. fxe4 f5 88. exf5+ 1-0

[Event "December 12 Early 2023"]
[Site "https://www.chess.com"]
[Date "2023.12.12"]
[Round "8"]
[White "Saravana, Krishnan P."]
[Black "Gabrielian, Artur"]
[Result "1/2-1/2"]
[Board "45"]
[TimeControl "180+1"]
[WhiteFideId "5018382"]
[BlackFideId "4131002"]
[WhiteElo "2603"]
[BlackElo "2761"]
[WhiteTeam "IND"]
[BlackTeam "RUS"]
[WhiteClock "0:00:14"]
[BlackClock "0:00:16"]

1. e4 c5 2. Nf3 d6 3. d4 cxd4 4. Nxd4 Nf6 5. Nc3 Nc6 6. Bg5 Bd7 7. Qd2 Rc8 8. Nb3 a6 9. Bd3 e6 10. O-O Be7 11. f4 Qc7 12. Kh1 h6 13. Bh4 b5 14. Rae1 b4 15. Ne2 e5 16. Bxf6 Bxf6 17. Bxa6 Ra8 18. Qd3 O-O 19. Rd1 exf4 20. Nxf4 Ne5 21. Nd5 Nxd3 22. Nxc7 Nxb2 23. Nxa8 Rxa8 24. Rxd6 Be6 25. Nc1 Be5 26. Rc6 Na4 27. Bc4 Bd7 28. Bxf7+ Kh8 29. Rc4 Nc3 30. Rxb4 Bb5 31. Nd3 Bf6 32. e5 Be7 33. Rxb5 Nxb5 34. Bb3 Nd4 35. g3 g5 36. Rf7 Ba3 37. e6 Re8 38. Ne5 Nxb3 39. Ng6+ Kg8 40. axb3 Rxe6 41. Ra7 Bc5 42. Rc7 Bb6 43. Ne7+ Kf8 44. Rb7 Bc5 45. Nd5 Re2 46. h3 h5 47. c4 Bd4 48. Rb8+ Kf7 49. Rb7+ Kg6 50. Re7 Rb2 51. Re4 Bc5 52. b4 Bxb4 53. Re6+ Kf5 54. Rf6+ Ke5 55. Rb6 Bc3 56. Rxb2 Bxb2 57. Kg2 Bd4 58. Kf3 Kf5 59. g4+ hxg4+ 60. hxg4+ Ke5 61. Ne3 Bc5 62. Nc2 Bb6 63. Ke2 Kf4 64. Nb4 Kxg4 65. Nd5 Bc5 66. Nf6+ Kf5 67. Nd5 Ke4 68. Kf1 Kf3 69. Nf6 Bd4 70. Nh5 g4 71. Ke1 Bf2+ 72. Kd2 Bc5 73. Kd3 Kg2 74. Ke4 Kh3 75. Kf5 Ba7 76. Nf4+ Kh4 77. Ng6+ Kg3 78. Ne5 Kf2 79. Nxg4+ Ke2 80. Ke4 Kd2 81. Kd5 Kc3 82. Nf6 Kb4 83. Nd7 Bf2 84. Ne5 Ka5 85. Nc6+ Kb6 86. Ne5 Bg1 87. Nd3 Kc7 88. Nb2 Bf2 89. Na4 Bg1 90. Nc3 Bf2 91. Nb5+ Kb6 92. Nd4 Bxd4 93. Kxd4 Kc6 94. c5 Kc7 95. Kc4 Kc6 96. Kb4 Kc7 97. Kb5 Kb7 98. c6+ Kc7 99. Kc5 Kc8 100. Kd5 Kc7 101. Kc5 Kc8 102. Kb6 Kb8 103. Kb5 Kc7 104. Kc5 1/2-1/2

[Event "December 12 Early 2023"]
[Site "https://www.chess.com"]
[Date "2023.12.12"]
[Round "8"]
[White "Espinoza Villanueva, Rodrigo"]
[Black "Gormally, Daniel W"]
[Result "0-1"]
[Board "46"]
[TimeControl "180+1"]
[WhiteFideId "5140188"]
[BlackFideId "406465"]
[WhiteElo "2592"]
[BlackElo "2761"]
[WhiteTeam "MEX"]
[BlackTeam "ENG"]
[WhiteClock "0:00:17"]
[BlackClock "0:00:52"]

1. Nf3 d5 2. g3 c6 3. Bg2 Bg4 4. O-O Nd7 5. d3 Ngf6 6. Nbd2 e5 7. h3 Bh5 8. g4 Bg6 9. Nh4 Bd6 10. e4 dxe4 11. dxe4 O-O 12. Nxg6 hxg6 13. Qe2 b5 14. Rd1 Qe7 15. Nf1 Nc5 16. c3 Qc7 17. Bg5 Ne6 18. Be3 Bc5 19. Rd2 Bxe3 20. fxe3 Rfd8 21. Rad1 Nc5 22. Ng3 Rxd2 23. Qxd2 Qb6 24. g5 Nh7 25. h4 Ne6 26. Nf1 Nhf8 27. Qf2 Rd8 28. Rxd8 Qxd8 29. Qe2 Nc5 30. Ng3 Qd3 31. Bf1 Qb1 32. b4 Na4 33. Qd2 Qa1 34. c4 bxc4 35. Qc2 Nc3 36. Kg2 Qe1 37. Bxc4 Nd1 38. Nf1 Qxf1+ 39. Kxf1 Nxe3+ 40. Ke2 Nxc2 41. Kd3 Nxb4+ 0-1

[Event "December 12 Early 2023"]
[Site "https://www.chess.com"]
[Date "2023.12.12"]
[Round "8"]
[White "Rychkov, Oleg"]
[Black "Santos Flores, Alberto"]
[Result "1-0"]
[Board "47"]
[TimeControl "180+1"]
[WhiteFideId "4122852"]
[BlackFideId "3601234"]
[WhiteElo "2745"]
[BlackElo "2565"]
[WhiteTeam "RUS"]
[BlackTeam "ECU"]
[WhiteClock "0:00:40"]
[BlackClock "0:00:00"]

1. e4 e6 2. d4 d5 3. Nd2 c5 4. c3 Nc6 5. Ngf3 cxd4 6. cxd4 Qb6 7. Bd3 Nxd4 8. O-O Nf6 9. exd5 Nxd5 10. Nxd4 Qxd4 11. Bb5+ Bd7 12. Bxd7+ Kxd7 13. Qf3 Qf6 14. Qb3 b6 15. Qb5+ Kd8 16. Ne4 Qf5 17. Re1 Be7 18. Bd2 h5 19. Rac1 Rc8 20. Rxc8+ Kxc8 21. Qc6+ Kb8 22. Nd6 Bxd6 23. Qxd6+ Ka8 24. Qc6+ Kb8 25. Rc1 Rd8 26. h3 Qe5 27. Qb5 Qd6 28. Qe2 g6 29. Qf3 Qd7 30. Bg5 Rc8 31. Rd1 Rc7 32. Bf4 Kb7 33. Bxc7 Qxc7 34. g3 Qe7 35. Qe4 Qd7 36. Rd3 Qd6 37. Qf3 Qd7 38. h4 Kb8 39. Kh2 Kb7 40. Qe4 Kb8 41. Rf3 Kb7 42. Qe5 Qe7 43. Qg7 f5 44. Qxg6 f4 45. Qxh5 Qc7 46. Qg6 1-0

[Event "December 12 Early 2023"]
[Site "https://www.chess.com"]
[Date "2023.12.12"]
[Round "8"]
[White "Goltseva, Ekaterina"]
[Black "Chinguun, Sumiya"]
[Result "1/2-1/2"]
[Board "48"]
[TimeControl "180+1"]
[WhiteFideId "24173770"]
[BlackFideId "4902572"]
[WhiteElo "2551"]
[BlackElo "2689"]
[WhiteTeam "RUS"]
[BlackTeam "MGL"]
[WhiteClock "0:00:06"]
[BlackClock "0:01:14"]

1. d4 Nf6 2. c4 g6 3. Nc3 Bg7 4. e4 d6 5. Nge2 O-O 6. Ng3 e5 7. d5 Ne8 8. Be2 Nd7 9. Be3 f5 10. exf5 gxf5 11. f4 e4 12. Qd2 Ndf6 13. O-O Kh8 14. Nb5 a6 15. Nd4 Ng8 16. Nh5 Qe7 17. Nxg7 Nxg7 18. b4 Bd7 19. c5 Nf6 20. c6 bxc6 21. Nxc6 Qf7 22. Rac1 Qxd5 23. Qxd5 Nxd5 24. Bd4 Kg8 25. Bc4 Bxc6 26. Bb3 Bb7 27. Rxc7 Ne6 28. Rxb7 Nxd4 29. Bxd5+ Kh8 30. Kf2 Rab8 31. Rd1 Nb5 32. Bc6 Rfc8 33. Rxb8 Rxb8 34. Bxb5 Rxb5 35. Rxd6 Rxb4 36. Rxa6 Rb2+ 37. Kg3 Kg7 38. h3 Kf7 39. a4 e3 40. Kf3 e2 41. Kf2 e1=Q+ 42. Kxe1 Rxg2 43. Ra7+ Kg6 44. a5 Rh2 45. Ra6+ Kf7 46. Ra7+ Kg8 47. Ra8+ Kg7 48. Ra7+ Kh6 49. Ra6+ Kh5 50. Rf6 Rxh3 51. Rxf5+ Kg4 52. Rf7 h5 53. a6 Ra3 54. a7 h4 55. Kf2 Ra1 56. f5 h3 57. f6 Ra2+ 58. Kg1 Kg3 59. Rg7+ Kh4 60. f7 h2+ 61. Kh1 Kh3 62. Rh7+ Kg3 63. Rg7+ Kh3 64. Rh7+ Kg3 65. Rg7+ Kh3 1/2-1/2

[Event "December 12 Early 2023"]
[Site "https://www.chess.com"]
[Date "2023.12.12"]
[Round "8"]
[White "Bazilius, Augustinas"]
[Black "Goltsev, Dmitry"]
[Result "0-1"]
[Board "49"]
[TimeControl "180+1"]
[WhiteFideId "12832251"]
[BlackFideId "24176710"]
[WhiteElo "2449"]
[BlackElo "2669"]
[WhiteTeam "LTU"]
[BlackTeam "RUS"]
[WhiteClock "0:01:19"]
[BlackClock "0:02:05"]

1. e4 e6 2. d4 d5 3. Nc3 c5 4. exd5 exd5 5. dxc5 Nf6 6. Bb5+ Nc6 7. Nge2 Bxc5 8. O-O O-O 9. Bg5 Bg4 10. Bxf6 Qxf6 11. Qxd5 Bb6 12. Ng3 Nd4 13. Bd3 g6 14. Qxb7 h5 15. Nd5 Qh4 16. Nxb6 axb6 17. Qxb6 Nf3+ 18. gxf3 Bxf3 19. Qxg6+ fxg6 20. Rfe1 Rae8 21. a4 Qg4 0-1

[Event "December 12 Early 2023"]
[Site "https://www.chess.com"]
[Date "2023.12.12"]
[Round "8"]
[White "Kamsky, Gata"]
[Black "Vestby-Ellingsen, Mads"]
[Result "1/2-1/2"]
[Board "50"]
[TimeControl "180+1"]
[WhiteFideId "2000024"]
[BlackFideId "1520857"]
[WhiteElo "2887"]
[BlackElo "2591"]
[WhiteTeam "USA"]
[BlackTeam "NOR"]
[WhiteClock "0:00:34"]
[BlackClock "0:00:30"]

1. d4 d5 2. Bf4 Nf6 3. e3 c5 4. c3 Nc6 5. Nd2 Bf5 6. Qb3 Qd7 7. a4 e6 8. Ngf3 c4 9. Qa2 Bd6 10. Bxd6 Qxd6 11. b3 cxb3 12. Qxb3 Rb8 13. Be2 O-O 14. O-O Rfc8 15. a5 Rc7 16. Rfc1 h6 17. h3 Ne4 18. Nxe4 Bxe4 19. Nd2 Bg6 20. c4 dxc4 21. Nxc4 Qe7 22. Bf3 Rbc8 23. Qb2 Qb4 24. Bxc6 Qxb2 25. Nxb2 Rxc6 26. Rxc6 Rxc6 27. f3 Rc3 28. e4 Rc2 29. Nd3 Rc4 30. Ne5 Rxd4 31. Rc1 Ra4 32. Nxg6 fxg6 33. Rc8+ Kh7 34. Rc7 Rxa5 35. Rxb7 e5 36. h4 h5 37. Kh2 Kh6 38. Rd7 a6 39. Rd5 Rb5 40. Rd6 Ra5 41. Rd5 Rb5 42. Rd6 Ra5 43. Rd5 1/2-1/2

[Event "December 12 Early 2023"]
[Site "https://www.chess.com"]
[Date "2023.12.12"]
[Round "8"]
[White "Bettalli, Francesco"]
[Black "Riehle, Marco"]
[Result "0-1"]
[Board "51"]
[TimeControl "180+1"]
[WhiteFideId "2816453"]
[BlackFideId "12904392"]
[WhiteElo "2588"]
[BlackElo "2865"]
[WhiteTeam "ITA"]
[BlackTeam "GER"]
[WhiteClock "0:01:48"]
[BlackClock "0:02:48"]

1. e4 e5 2. Nc3 Nf6 3. Bc4 Bc5 4. Nf3 Nc6 5. O-O d6 6. d3 h6 7. h3 g5 8. Nd5 g4 9. Nh2 g3 10. Ng4 Nxg4 11. hxg4 Qh4 12. Re1 gxf2+ 13. Kf1 0-1

[Event "December 12 Early 2023"]
[Site "https://www.chess.com"]
[Date "2023.12.12"]
[Round "8"]
[White "Yeremyan, Alen"]
[Black "Shuvalov, Evgenij"]
[Result "0-1"]
[Board "52"]
[TimeControl "180+1"]
[WhiteFideId "13308998"]
[BlackFideId "4187237"]
[WhiteElo "2815"]
[BlackElo "2572"]
[WhiteTeam "ARM"]
[BlackTeam "FID"]
[WhiteClock "0:00:09"]
[BlackClock "0:00:39"]

1. e4 e6 2. Nc3 d5 3. Qe2 Nf6 4. Nf3 Be7 5. g3 c5 6. Bg2 O-O 7. O-O Nc6 8. d3 Nd4 9. Nxd4 cxd4 10. Nb1 dxe4 11. dxe4 e5 12. Bg5 Qb6 13. Bxf6 Bxf6 14. c3 Be6 15. c4 Rfd8 16. b3 Bg5 17. Qd3 Qc7 18. h4 Bh6 19. Nd2 Bxd2 20. Qxd2 d3 21. f4 exf4 22. gxf4 Bg4 23. Rae1 Be2 24. Rf2 Rd6 25. f5 Rh6 26. Rexe2 dxe2 27. Qxe2 Qe5 28. Qd3 Rd6 29. Qe3 Rad8 30. Bf1 Rd4 31. Rf4 a5 32. Rg4 Kf8 33. Qg5 h6 34. Qe3 Rd2 35. Rf4 Rd1 36. f6 g5 37. hxg5 hxg5 38. Rf2 R8d3 39. Qb6 Qg3+ 40. Kh1 Qh4+ 41. Kg1 Rg3+ 42. Rg2 Rxg2+ 43. Kxg2 Rd2+ 44. Kf3 Qf4# 0-1